 Dungeon Crawl Stone Soup version 0.30-a0-165-g1891117ce2 (webtiles) character file.

Game seed: 5424468588507731120

1295 qw the Cleaver (level 8, -3/50 HPs)
             Began as a Gargoyle Fighter on Sept 28, 2022.
             Was an Initiate of Okawaru.
             Slain by a killer bee (5 damage)
             ... on level 9 of the Dungeon.
             The game lasted 00:02:11 (6365 turns).

qw the Cleaver (Gargoyle Fighter)                   Turns: 6365, Time: 00:02:12

Health: -3/50      AC: 22    Str: 16    XL:     8   Next: 56%
Magic:  8/8        EV: 10    Int: 14    God:    Okawaru [......]
Gold:   137        SH:  4    Dex:  9    Spells: 7/7 levels left

rFire   + + +      SeeInvis .    g - +3 broad axe (freeze)
rCold   . . .      Faith    .    c - +0 buckler
rNeg    + . .      Spirit   .    l - +6 chain mail of Uhocsut {+Inv rF+ Str-5 Int+4}
rPois   inf        Reflect  .    (helmet restricted)
rElec   +          Harm     .    (no cloak)
rCorr   .          Rampage  .    (no gloves)
Will    .....                    t - +0 pair of boots
Stlth   ..........               (no amulet)
HPRegen 0.16/turn                s - +4 ring of evasion
MPRegen 0.11/turn                k - ring of protection from fire

@: no status effects
A: sickness immunity, AC +5, negative energy resistance 1, electricity
resistance, torment resistance 1, petrification resistance, antennae 1, fire
resistance 1, subdued magic 1
a: Renounce Religion, Evoke Invisibility


You were on level 9 of the Dungeon.
You worshipped Okawaru.
Okawaru was noncommittal.
You visited 1 branch of the dungeon, and saw 7 of its levels.

You collected 299 gold pieces.
You spent 162 gold pieces at shops.


Innate Abilities, Weirdness & Mutations

You are immune to sickness and miasma.
Your stone body is resilient. (AC +5)
You are immune to poison.
You resist negative energy. (rN+)
You are resistant to electric shocks. (rElec)
You are resistant to unholy torment.
You are immune to petrification.
You have a pair of small antennae on your head.
Your flesh is heat resistant. (rF+)
Your spells are a little easier to cast, but a little less powerful.


   Skills:
 + Level 5.5 Fighting
 - Level 8.0 Axes
 - Level 1.8 Throwing
 - Level 4.0 Armour
 - Level 1.0 Dodging
 - Level 3.2 Shields


You had 7 spell levels left.
You didn't know any spells.
Your spell library was empty.

Inventory:

Hand Weapons
 e - a +2 hand axe of flaming
 g - a +3 broad axe of freezing (weapon)
Missiles
 j - a boomerang (quivered)
Armour
 c - a +0 buckler (worn)
 l - the +6 chain mail of Uhocsut (worn) {+Inv rF+ Str-5 Int+4}
   (You found it on level 4 of the Dungeon)

   Str:       It affects your strength (-5).
   Int:       It affects your intelligence (+4).
   rF:        It protects you from fire.
   +Inv:      It lets you turn invisible.
 t - a +0 pair of boots (worn)
Jewellery
 k - a ring of protection from fire (right hand)
 s - a +4 ring of evasion (left hand)
 Y - a ring of positive energy
Scrolls
 h - a scroll of identify
Potions
 a - a potion of haste
 b - a potion of lignification
 d - 2 potions of might
 f - 2 potions of mutation
 m - a potion of attraction
 p - a potion of flight {unknown}
 q - a potion of resistance {unknown}

Dungeon Overview and Level Annotations

Branches:
Dungeon (6/15)
 Temple: D:4-7

Altars:
Ashenzari
Gozag
Kikubaaqudgha
Okawaru
Qazlal
Ru
Uskayaw
Yredelemnul

Shops:
D:3 ?


Message History

You hit the centaur. You freeze the centaur.
The centaur is moderately wounded.
The centaur hits you but does no damage.
The centaur completely misses you. x2; The centaur barely misses you.
You closely miss the centaur.
The centaur is moderately wounded.
Your surroundings suddenly seem different. 2 killer bees come into view.
The killer bee buzzes angrily.
You hit the killer bee. You freeze the killer bee.
The killer bee is moderately wounded.
You block the killer bee's attack.
The killer bee stings you but does no damage.
The killer bee closely misses you.
You miss the killer bee.
The killer bee is moderately wounded.
The killer bee stings you but does no damage.
The killer bee barely misses you.
You hit the killer bee. You freeze the killer bee.
The killer bee is severely wounded.
You block the killer bee's attack. The killer bee stings you!
A killer bee comes into view.
You block the killer bee's attack.
You barely miss the killer bee.
The killer bee is severely wounded.
The killer bee buzzes angrily.
You hear an angry buzzing noise.
The killer bee barely misses you.
The killer bee stings you but does no damage.
You miss the killer bee.
The killer bee is severely wounded.
The killer bee stings you but does no damage. x2
You hit the killer bee. You freeze the killer bee.
The killer bee is severely wounded.
The killer bee stings you but does no damage. x2
The killer bee completely misses you.
You barely miss the killer bee.
The killer bee is severely wounded.
The killer bee stings you but does no damage. x2
The killer bee stings you.
You die...

.# #.#
...#
####.#..
##..?.#.#
#...# .#
###.# .#
.###y###.#
....ycy@.#
####y#####
... #..
..# ## #..
... . ...
..#.# #...
..#. ...
#T#


You could see a centaur and 4 killer bees.

Vanquished Creatures
  Prince Ribbit (D:5)
  Sigmund (D:5)
  A kobold brigand (D:5)
  Blork the orc (D:4)
  3 scorpions
  3 howler monkeys (D:9)
  A jelly (D:4)
  A hound (D:5)
  An orc priest (D:3)
  3 orc wizards
  3 iguanas
  Robin (D:2)
  11 adders
  2 river rats (D:3)
  4 worms
  3 dart slugs
  21 orcs
  6 bats
  7 endoplasms
  2 giant cockroaches (D:1)
  13 goblins
  13 hobgoblins
  6 quokkas
  10 ball pythons
  12 kobolds
  7 rats
137 creatures vanquished.

Vanquished Creatures (others)
  A frilled lizard (D:3)
  A withered plant (D:5)
2 creatures vanquished.

Grand Total: 139 creatures vanquished

Notes
Turn   | Place    | Note
-------+----------+-------------------------------------------
     0 | D:1      | qw the Gargoyle Fighter began the quest for the Orb.
     0 | D:1      | Reached XP level 1. HP: 14/14 MP: 1/1
     0 | D:1      | 0 ||| qw: Version: 0.2-a-12-gaebbb33
     0 | D:1      | 0 ||| qw: Game counter: 846
     0 | D:1      | 0 ||| qw: Always use a shield: true
     0 | D:1      | 0 ||| qw: God list: Okawaru
     0 | D:1      | 0 ||| qw: Allow faded altars: false
     0 | D:1      | 0 ||| qw: Do Orc after D:15 true
     0 | D:1      | 0 ||| qw: Do second Lair branch before Depths: true
     0 | D:1      | 0 ||| qw: Lair rune preference: random
     0 | D:1      | 0 ||| qw: Plans: Normal, Zot:1-4, God:TSO, Crypt, Tomb,
                  | Pan, Slime:5, Hells, Abyss, Orb
     0 | D:1      | 0 ||| PLANNING D:1-11
    21 | D:1      | Reached skill level 2 in Axes
   274 | D:1      | Reached XP level 2. HP: 19/19 MP: 2/2
   400 | D:1      | 400 ||| Stepping ~*~*~tactically~*~*~ (hiding).
   402 | D:1      | 402 ||| Stepping ~*~*~tactically~*~*~ (hiding).
   581 | D:1      | Reached skill level 3 in Axes
   622 | D:1      | 622 ||| Stepping ~*~*~tactically~*~*~ (stealth).
   626 | D:1      | 626 ||| Stepping ~*~*~tactically~*~*~ (stealth).
   648 | D:1      | Reached XP level 3. HP: 23/23 MP: 3/3
   681 | D:1      | 681 ||| DROPPING +0 club.
  1008 | D:1      | 1008 ||| READING scroll labelled ATOLUCV DUUC.
  1009 | D:1      | 1009 ||| READING 2 scrolls labelled KIEWNEGRE.
  1010 | D:1      | 1010 ||| READING scroll labelled IKKECIGI VISHUG.
  1066 | D:1      | 1066 ||| READING scroll labelled EDDERI KUDGHAM.
  1070 | D:1      | 1070 ||| DRINKING 3 blue potions.
  1071 | D:1      | 1071 ||| DRINKING 2 metallic pink potions.
  1072 | D:1      | 1072 ||| DROPPING potion of brilliance.
  1096 | D:2      | 1096 ||| Stepping ~*~*~tactically~*~*~ (stealth).
  1101 | D:2      | 1101 ||| Stepping ~*~*~tactically~*~*~ (stealth).
  1128 | D:2      | 1128 ||| Stepping ~*~*~tactically~*~*~ (stealth).
  1130 | D:2      | 1130 ||| Stepping ~*~*~tactically~*~*~ (stealth).
  1133 | D:2      | 1133 ||| Stepping ~*~*~tactically~*~*~ (stealth).
  1136 | D:2      | 1136 ||| Stepping ~*~*~tactically~*~*~ (stealth).
  1158 | D:2      | Noticed Robin
  1159 | D:2      | 1159 ||| Stepping ~*~*~tactically~*~*~ (stealth).
  1161 | D:2      | 1161 ||| Stepping ~*~*~tactically~*~*~ (stealth).
  1163 | D:2      | 1163 ||| Stepping ~*~*~tactically~*~*~ (stealth).
  1165 | D:2      | 1165 ||| Stepping ~*~*~tactically~*~*~ (stealth).
  1166 | D:2      | 1166 ||| Stepping ~*~*~tactically~*~*~ (stealth).
  1172 | D:2      | 1172 ||| Stepping ~*~*~tactically~*~*~ (hiding).
  1173 | D:2      | 1173 ||| Stepping ~*~*~tactically~*~*~ (hiding).
  1175 | D:2      | 1175 ||| Stepping ~*~*~tactically~*~*~ (hiding).
  1176 | D:2      | 1176 ||| Stepping ~*~*~tactically~*~*~ (hiding).
  1182 | D:2      | Killed Robin
  1183 | D:2      | Reached XP level 4. HP: 22/28 MP: 4/4
  1183 | D:2      | 1183 ||| Stepping ~*~*~tactically~*~*~ (hiding).
  1294 | D:2      | Reached skill level 4 in Axes
  2046 | D:2      | 2046 ||| UPGRADING to +0 helmet.
  2051 | D:2      | 2051 ||| READING scroll labelled TOHEEXT EZAUM.
  2052 | D:2      | 2052 ||| READING scroll labelled WOBLYN WAH NEI.
  2053 | D:2      | 2053 ||| DRINKING 2 bubbling white potions.
  2054 | D:2      | 2054 ||| READING 3 scrolls of identify.
  2054 | D:2      | 2054 ||| IDENTIFYING coppery potion
  2055 | D:2      | 2055 ||| READING 2 scrolls of identify.
  2055 | D:2      | 2055 ||| IDENTIFYING smoky brown potion
  2056 | D:2      | 2056 ||| DROPPING potion of degeneration.
  2068 | D:3      | 2068 ||| PLANNING SEWER
  2124 | D:3      | Found an opulent altar of Gozag.
  2148 | D:3      | Found a stormy altar of Qazlal.
  2162 | D:3      | 2162 ||| Stepping ~*~*~tactically~*~*~ (hiding).
  2163 | D:3      | 2163 ||| Stepping ~*~*~tactically~*~*~ (hiding).
  2184 | D:3      | Reached XP level 5. HP: 31/32 MP: 5/5
  2308 | D:3      | 2308 ||| Stepping ~*~*~tactically~*~*~ (stealth).
  2309 | D:3      | 2309 ||| Stepping ~*~*~tactically~*~*~ (stealth).
  2443 | D:3      | Found a hide-covered altar of Uskayaw.
  2443 | D:3      | Noticed a +0 hand axe
  2443 | D:3      | Noticed a +0 dagger
  2447 | D:3      | HP: 7/32 [orc priest/+0 hand axe (5)]
  2448 | D:3      | 2448 ||| DRINKING 2 potions of heal wounds.
  2453 | D:3      | Reached skill level 5 in Axes
  2473 | D:3      | HP: 4/32 [something/magic dart (7)]
  2741 | D:3      | 2741 ||| DROPPING +0 whip.
  2742 | D:3      | 2742 ||| RIP SEWER
  2747 | D:3      | 2747 ||| PLANNING D:1-11
  2852 | D:3      | Found Huahouw's Magic Scroll Shoppe.
  2861 | D:3      | 2861 ||| BUYING scroll of enchant armour (97 gold).
  2861 | D:3      | Bought a scroll of enchant armour for 97 gold pieces
  2861 | D:3      | 2861 ||| BUYING scroll of identify (26 gold).
  2861 | D:3      | Bought a scroll of identify for 26 gold pieces
  2861 | D:3      | 2861 ||| BUYING scroll of teleportation (39 gold).
  2861 | D:3      | Bought a scroll of teleportation for 39 gold pieces
  2861 | D:3      | 2861 ||| READING scroll of enchant armour.
  2861 | D:3      | 2861 ||| ENCHANTING +0 helmet.
  2968 | D:3      | Reached XP level 6. HP: 38/38 MP: 6/6
  3127 | D:3      | Reached skill level 1 in Dodging
  3325 | D:3      | 3325 ||| DROPPING amulet of magic regeneration.
  3326 | D:3      | 3326 ||| UPGRADING to ring of protection from fire.
  3327 | D:3      | 3327 ||| READING scroll labelled ZOEF BOSUE.
  3328 | D:3      | 3328 ||| READING scroll labelled VAMEVEONGU.
  3329 | D:3      | 3329 ||| READING scroll labelled JOTASTRO LITUHU.
  3329 | D:3      | Identified a scroll of acquirement
  3329 | D:3      | 3329 ||| ACQUIRING ring of positive energy
  3329 | D:3      | Acquired a ring of positive energy
  3331 | D:3      | 3331 ||| UPGRADING to ring of positive energy.
  3332 | D:3      | 3332 ||| DRINKING 2 lumpy blue potions.
  3332 | D:3      | Gained mutation: You have a pair of small antennae on your
                  | head. [potion of mutation]
  3332 | D:3      | Gained mutation: Your spells are a little easier to cast,
                  | but a little less powerful. [potion of mutation]
  3332 | D:3      | Gained mutation: Your flesh is heat resistant. (rF+)
                  | [potion of mutation]
  3333 | D:3      | 3333 ||| DROPPING +1 helmet.
  3334 | D:3      | 3334 ||| READING 3 scrolls of identify.
  3334 | D:3      | 3334 ||| IDENTIFYING ruby potion
  3335 | D:3      | 3335 ||| READING 2 scrolls of identify.
  3335 | D:3      | 3335 ||| IDENTIFYING bubbling brown potion
  3336 | D:3      | 3336 ||| DROPPING potion of berserk rage.
  3433 | D:4      | 3433 ||| DROPPING +0 flail.
  3466 | D:4      | 3466 ||| DRINKING potion of curing.
  3466 | D:4      | 3466 ||| (to cure confusion)
  3691 | D:4      | Identified the +6 chain mail of Uhocsut {+Inv rF+ Str-5
                  | Int+4}
  3828 | D:4      | Noticed Blork the orc
  3839 | D:4      | HP: 5/38 [Blork the orc/+0 flail (8)]
  3840 | D:4      | 3840 ||| READING 2 scrolls of teleportation.
  3840 | D:4      | HP: 2/38 [Blork the orc/+0 flail (3)]
  3841 | D:4      | 3841 ||| DRINKING potion of heal wounds.
  4114 | D:4      | Killed Blork the orc
  4115 | D:4      | Reached skill level 1 in Throwing
  4115 | D:4      | Reached XP level 7. HP: 31/43 MP: 7/7
  4265 | D:4      | Reached skill level 6 in Axes
  4447 | D:4      | Found a broken altar of Ashenzari.
  4496 | D:4      | 4496 ||| READING scroll of acquirement.
  4496 | D:4      | 4496 ||| ACQUIRING +1 broad axe of freezing
  4496 | D:4      | Acquired a +1 broad axe of freezing
  4498 | D:4      | 4498 ||| SWAPPING to +1 broad axe of freezing.
  4499 | D:4      | 4499 ||| DROPPING +1 war axe.
  4775 | D:4      | Identified the +10 falchion "Caprolal" {pain, Fly Dex+4}
  4826 | D:4      | Found a sacrificial altar of Ru.
  4899 | D:4      | Found a basalt altar of Yredelemnul.
  5165 | D:4      | 5165 ||| UPGRADING to +6 chain mail of Uhocsut {+Inv rF+
                  | Str-5 Int+4}.
  5175 | D:4      | 5175 ||| DROPPING +0 scale mail.
  5223 | D:5      | Entered Level 5 of the Dungeon
  5236 | D:5      | Noticed Sigmund
  5243 | D:5      | Killed Sigmund
  5244 | D:5      | Reached skill level 7 in Axes
  5346 | D:5      | Found an ancient bone altar of Kikubaaqudgha.
  5531 | D:5      | Reached XP level 8. HP: 48/48 MP: 8/8
  5557 | D:5      | 5557 ||| Stepping ~*~*~tactically~*~*~ (stealth).
  5558 | D:5      | 5558 ||| Stepping ~*~*~tactically~*~*~ (stealth).
  5611 | D:5      | 5611 ||| READING 2 scrolls of enchant weapon.
  5611 | D:5      | 5611 ||| ENCHANTING +1 broad axe of freezing.
  5612 | D:5      | 5612 ||| READING scroll of enchant weapon.
  5612 | D:5      | 5612 ||| ENCHANTING +2 broad axe of freezing.
  5722 | D:5      | Found an iron altar of Okawaru.
  5723 | D:5      | 5723 ||| PLANNING OKAWARU WORSHIP
  5723 | D:5      | 5723 ||| UPGRADING to +0 pair of boots.
  5728 | D:5      | 5728 ||| UPGRADING to +4 ring of evasion.
  5730 | D:5      | 5730 ||| UPGRADING to ring of protection from fire.
  5732 | D:5      | 5732 ||| READING 3 scrolls of identify.
  5732 | D:5      | 5732 ||| IDENTIFYING smoky dark potion
  5733 | D:5      | 5733 ||| READING 2 scrolls of identify.
  5733 | D:5      | 5733 ||| IDENTIFYING purple potion
  5734 | D:5      | 5734 ||| DROPPING potion of ambrosia.
  5741 | D:5      | Became a worshipper of Warmaster Okawaru
  5742 | D:5      | 5742 ||| PLANNING D:1-11
  5845 | D:5      | Noticed Prince Ribbit
  5851 | D:5      | HP: 12/49 [Prince Ribbit (10)]
  5852 | D:5      | 5852 ||| READING 2 scrolls of teleportation.
  5853 | D:5      | Killed Prince Ribbit
  5854 | D:5      | Reached skill level 8 in Axes
  5981 | D:5      | 5981 ||| Stepping ~*~*~tactically~*~*~ (stealth).
  5995 | D:5      | 5995 ||| Stepping ~*~*~tactically~*~*~ (stealth).
  6325 | D:6      | You fall into a shaft and drop 3 floors!
  6326 | D:9      | 6326 ||| PLANNING OSSUARY
  6337 | D:9      | Noticed a troll
  6349 | D:9      | HP: 9/50 [troll (6)]
  6350 | D:9      | 6350 ||| READING 2 scrolls of teleportation.
  6354 | D:9      | HP: 7/50 [centaur/arrow (3)]
  6355 | D:9      | 6355 ||| READING scroll of teleportation.
  6361 | D:9      | HP: 1/50 [killer bee (7)]
  6365 | D:9      | Slain by a killer bee

Levels and vault maps discovered:
D:1:      minmay_arrival_shoal_huts, layout_basic, hex_large
D:2:      layout_rooms, minmay_misc_feat_diagonals, uniq_robin
D:3:      layout_loops_cross, grunt_qazlal_clouds, grunt_gozag_breadcrumbs,
          dancing_weapons_uskayaw, serial_shops, nicolae_shop_statue_plus,
          gup_sewer_entry_spiral
D:4:      layout_layer_cave, mainiacjoe_overflow_24_doors,
          gammafunk_temple_overflow_pools, uniq_blork_the_orc
D:5:      layout_loops_ring, kiku_gazebo_garden_becter,
          nicolae_overflow_crystal_walls, uniq_sigmund, uniq_prince_ribbit1
D:6:      layout_rooms, overflow_temple_1_default,
          minmay_temple_entry_enclosed_plants, gup_ossuary_entry_pyramid,
          fountainhead
D:9:      gammafunk_boulding_lane, layout_loops_corners, xom_butterflies,
          kennysheep_little_box, uniq_erica

Skill      XL: |  1  2  3  4  5  6  7  8 |
---------------+-------------------------+-----
Axes           | 2 3 4 5 7 8 |  8.0
Fighting       | 4 5 |  5.5
Dodging        | 1 |  1.0
Throwing       | 1 |  1.8
Armour         | 4 |  4.0
Shields        | |  3.2

Action                   |  1- 3 |  4- 6 |  7- 9 || total
-------------------------+-------+-------+-------++-------
Melee: War axe           |    77 |   203 |     4 ||   284
       Broad axe         |       |       |   106 ||   106
Throw: Boomerang         |    11 |    52 |    52 ||   115
  Use: Scroll            |     4 |    11 |     8 ||    23
       Potion            |     2 |     5 |       ||     7
Armor: Scale mail        |    38 |   123 |    15 ||   176
       Chain mail        |       |       |    46 ||    46
Dodge: Dodged            |    32 |    87 |    51 ||   170
Block: Buckler           |    12 |    33 |    27 ||    72

Table legend:
 A = Non-vault XP
 B = Vault XP
 C = Vault XP percentage of total XP
 D = Non-vault monster count
 E = Vault monster count
 F = Vault count percentage of total count
                 A         B        C        D         E       F
            +---------+---------+-------+---------+---------+-------
      Total |    1170 |     680 |  36.8 |     114 |      23 |  16.8
            +---------+---------+-------+---------+---------+-------
        D:1 |      40 |       0 |   0.0 |      23 |       0 |   0.0
        D:2 |      68 |      38 |  35.8 |      17 |      12 |  41.4
        D:3 |     160 |      55 |  25.6 |      22 |       8 |  26.7
        D:4 |     418 |      90 |  17.7 |      35 |       1 |   2.8
        D:5 |     318 |     497 |  61.0 |      14 |       2 |  12.5
        D:9 |     166 |       0 |   0.0 |       3 |       0 |   0.0
            +---------+---------+-------+---------+---------+-------
